Map: Lerilak Crest

Players

Hadoken

  • Race: Terran Terran
  • League: Platinum

MorN - Winner!

  • Race: Terran Terran
  • League: Diamond

VOD

Have the link to the VOD?

Description

Time

  • Played on: Nov. 12, 2015, 10:30 p.m.
  • Length: 10:58
Show
View Real Time Build Order
Export as new Build Order

Hadoken Terran 

Build Orders: 1/1/1, Mech 

Get SALT Encoding   

  12  0:01  SCV  
  13  0:13  SCV  
  14  0:20  Supply Depot  
  14  0:25  SCV  
  15  0:29  Refinery  
  15  0:41  SCV  
  16  0:46  Barracks  
  16  0:53  SCV  
  17  1:06  SCV  
  18  1:18  SCV  
  19  1:26  Refinery  
  19  1:30  SCV  
  20  1:35  Factory  
  20  1:36  Marine  
  21  1:42  SCV  
  22  2:00  Marine  
  22  2:01  Orbital Command  
  23  2:06  Supply Depot  
  23  2:22  Marine  
  23  2:23  Factory Tech Lab  
  23  2:28  Starport  
  23  2:30  SCV  
  24  2:41  Marine  
  24  2:43  SCV, Siege Tank  
  29  2:50  Supply Depot  
  29  2:55  SCV  
  30  3:00  Marine  
  30  3:05  Starport Tech Lab  
  31  3:12  SCV  
  32  3:16  Siege Tank  
  35  3:31  Raven  
  37  3:34  SCV  
  38  3:42  Command Center  
  38  3:48  Marine  
  39  4:17  Supply Depot  
  39  4:38  SCV, Viking, Siege Tank, Marine  
  39  4:44  Supply Depot  
  46  4:50  SCV  
  46  4:52  Factory  
  47  4:54  Factory  
  47  4:56  Orbital Command  
  47  5:02  SCV  
  47  5:03  Marine  
  49  5:13  Siege Tank  
  53  5:21  SCV  
  53  5:23  SCV  
  53  5:25  Marine  
  55  5:33  SCV, Supply Depot  
  55  5:35  SCV  
  57  5:39  Engineering Bay  
  57  5:40  Factory Reactor  
  57  5:41  Factory Tech Lab  
  57  5:47  SCV x2  
  59  5:54  Barracks Reactor  
  59  5:57  Viking  
  59  6:00  Hellion x2  
  59  6:03  SCV  
  66  6:06  Refinery  
  66  6:07  SCV, Refinery  
  67  6:22  Hellion  
  67  6:23  SCV x2  
  71  6:31  Liberator  
  71  6:34  Siege Tank  
  71  6:35  SCV x2  
  71  6:37  Liberator  
  76  6:41  Supply Depot  
  80  6:47  Missile Turret  
  80  6:49  Missile Turret  
  80  6:50  SCV  
  80  6:56  Hellion  
  80  6:58  SCV  
  86  7:02  SCV  
  86  7:03  Hellion x2  
  86  7:05  Armory  
  91  7:15  Supply Depot  
  91  7:27  Siege Tank  
  91  7:28  Command Center  
  94  7:37  Hellion x2  
  94  7:41  Siege Tank  
  94  7:42  SCV  
  102  8:05  SCV  
  102  8:17  Supply Depot  
  102  8:19  Supply Depot  
  102  8:21  Liberator x2  
  102  8:30  Terran Vehicle Weapons Level 1  
  102  8:35  Supply Depot  
  102  8:36  Supply Depot  
  102  8:37  Supply Depot  
  102  8:39  Hellion  
  102  8:40  Hellion, Siege Tank  
  115  8:41  Supply Depot  
  115  8:42  Missile Turret  
  115  9:25  Siege Tank x2  
  115  9:26  Hellbat x2  
  115  9:27  Viking x2  
  89  9:45  Liberator  
  89  9:46  Liberator  
  89  9:47  Hellbat x2  
  62  9:57  Siege Tank x2  
  73  10:09  Bunker  
  73  10:16  Marauder  
  73  10:17  Hellion x2  
  73  10:19  SCV  
  80  10:29  Orbital Command  
Show
View Real Time Build Order
Export as new Build Order

MorN Terran - Winner!

Build Orders: 1/1/1, Bio Tank, MMM Bio, Banshee Rush 

Get SALT Encoding   

  12  0:00  SCV  
  13  0:13  SCV  
  14  0:17  Supply Depot  
  14  0:25  SCV  
  15  0:28  Refinery  
  15  0:38  SCV  
  16  0:46  Barracks  
  16  0:50  SCV  
  17  1:03  SCV  
  18  1:15  SCV  
  20  1:33  Marine  
  20  1:34  Factory  
  20  1:35  Orbital Command  
  20  1:43  Supply Depot  
  20  1:52  Marine  
  21  1:54  Refinery  
  21  2:01  SCV  
  22  2:10  Marine  
  22  2:13  SCV  
  24  2:18  Starport  
  24  2:25  SCV  
  24  2:28  Marine  
  26  2:31  Factory Tech Lab  
  26  2:37  SCV  
  27  2:51  Command Center, Marine  
  27  2:58  SCV  
  29  3:04  Cloaking Field  
  29  3:10  Banshee  
  32  3:17  Supply Depot  
  32  3:18  SCV  
  33  3:20  Marine  
  34  3:28  Factory Tech Lab  
  34  3:31  SCV  
  35  3:39  Barracks Reactor  
  35  3:48  SCV  
  36  3:53  Raven  
  38  4:02  SCV  
  39  4:04  Orbital Command  
  39  4:06  Supply Depot  
  39  4:09  Siege Tank  
  42  4:15  Marine  
  43  4:20  SCV  
  43  4:23  Marine  
  42  4:30  Supply Depot  
  42  4:32  SCV  
  42  4:35  SCV  
  44  4:44  SCV  
  44  4:45  Barracks, Starport Reactor  
  45  4:47  SCV  
  45  4:48  Barracks  
  45  4:50  Stimpack  
  46  4:56  SCV  
  46  4:59  SCV  
  48  5:02  Marine  
  48  5:03  Siege Tank  
  52  5:08  SCV  
  52  5:13  SCV  
  54  5:21  SCV  
  55  5:26  Marine  
  55  5:28  SCV  
  57  5:31  Command Center  
  57  5:33  SCV  
  57  5:34  Starport Reactor  
  58  5:37  Engineering Bay  
  58  5:38  Marine x4  
  58  5:40  SCV  
  63  5:43  Marine  
  63  5:46  SCV, Siege Tank  
  68  5:51  Refinery  
  68  5:52  SCV  
  68  5:56  Marine x3  
  72  5:57  Marine  
  72  6:00  Supply Depot  
  72  6:01  Marine  
  72  6:02  SCV, Supply Depot  
  75  6:06  Terran Infantry Weapons Level 1  
  75  6:10  SCV, Refinery  
  76  6:13  Marine  
  76  6:14  Marine  
  78  6:22  SCV, Medivac  
  78  6:23  Supply Depot  
  81  6:31  Marine x4  
  85  6:33  SCV  
  85  6:35  Supply Depot, Marine  
  85  6:38  SCV  
  88  6:43  Siege Tank  
  91  6:49  Marine x4, Medivac  
  91  6:51  Combat Shields, Orbital Command  
  97  6:55  Marine  
  98  7:01  SCV  
  98  7:02  SCV  
  98  7:07  Marine x3  
  103  7:10  Engineering Bay  
  103  7:11  Armory  
  103  7:12  Supply Depot, Marine  
  103  7:14  SCV x2  
  106  7:17  SCV  
  106  7:21  Medivac x2  
  111  7:26  SCV x2  
  113  7:31  SCV  
  113  7:32  Barracks  
  113  7:33  Barracks  
  113  7:37  Marine x5  
  114  7:38  SCV  
  114  7:39  Terran Infantry Armor Level 1  
  114  7:42  Supply Depot  
  120  7:54  Marine x2  
  120  7:55  Medivac x2, Marine  
  109  8:07  Marine  
  109  8:10  Marauder  
  109  8:11  SCV x2  
  114  8:12  Refinery  
  114  8:14  Supply Depot  
  114  8:15  Refinery  
  114  8:18  Factory, Terran Infantry Weapons Level 2  
  114  8:20  SCV, Terran Vehicle Weapons Level 1  
  115  8:27  Barracks Tech Lab  
  115  8:30  Marine  
  115  8:31  Barracks Tech Lab  
  115  8:32  Marauder  
  115  8:33  SCV x2  
  120  8:37  Marine x2  
  120  8:38  Supply Depot, Marine  
  122  8:53  Marine x2, Marauder  
  122  8:54  Marauder  
  122  8:55  Marine  
  126  9:00  Marine x2  
  128  9:05  Viking x2, Siege Tank  
  128  9:06  Concussive Shells  
  135  9:11  Marine x2  
  135  9:14  Marauder  
  135  9:15  Marauder  
  141  9:22  Marine x2  
  143  9:28  Marine  
  143  9:29  Marauder, Marine  
  147  9:31  Factory Tech Lab  
  147  9:36  Marauder  
  147  9:37  Marauder  
  150  9:41  Marine x2  
  129  9:46  Marine  
  129  9:50  Medivac x2, Marine  
  129  9:51  Marauder  
  131  9:57  Marauder  
  131  9:58  Marine  
  131  9:59  Marine x2  
  136  10:04  Marine  
  137  10:07  Supply Depot, Marine  
  137  10:08  SCV  
  137  10:11  Command Center  
  137  10:12  Marauder  
  141  10:16  Marauder  
  141  10:17  SCV x2, Marine  
  141  10:19  Marauder  
  141  10:20  Medivac x2  
  152  10:34  Marauder  
Tags
 
Add a new tag
Caveats
  • Supply blocks, unpowered buildings, or Contaminate may cause inaccurate times.
  • Supply counts are checked every 10 seconds.